 Dungeon Crawl Stone Soup version 0.30-a0-738-g116ff8c4af (webtiles) character file.

Game seed: 4835005237646276376

21 Leeroy the Grasshopper (level 2, -1/15 HPs)
             Began as a Vine Stalker Warper on Feb 3, 2023.
             Slain by a hobgoblin (3 damage)
             ... on level 2 of the Dungeon.
             The game lasted 00:00:58 (767 turns).

Leeroy the Grasshopper (Vine Stalker Warper)         Turns: 767, Time: 00:00:59

Health: -1/15      AC:  3    Str: 13    XL:     2   Next: 87%
Magic:  0/6        EV: 11    Int: 13    God:
Gold:   76         SH:  0    Dex: 13    Spells: 5/5 levels left

rFire   . . .      SeeInvis .    a - +0 falchion
rCold   . . .      Faith    .    (no shield)
rNeg    . . .      Spirit   +    b - +0 leather armour
rPois   .          Reflect  .    (no helmet)
rElec   .          Harm     .    (no cloak)
rCorr   .          Rampage  .    (no gloves)
Will    .....                    (no boots)
Stlth   +                        (no amulet)
HPRegen 0.22/turn                (no ring)
MPRegen 0.10/turn                (no ring)

@: no status effects
A: fangs 2, magic shield, antimagic bite, no potion heal 2
a: no special abilities


You were on level 2 of the Dungeon.
You visited 1 branch of the dungeon, and saw 2 of its levels.

You collected 76 gold pieces.

Inventory:

Hand Weapons
 a - a +0 falchion (weapon)
Missiles
 d - 7 boomerangs of dispersal (quivered)
 k - 6 javelins
Armour
 b - a +0 leather armour (worn)
Magical Staves
 f - a staff of poison
Scrolls
 c - a scroll of blinking
 e - 2 scrolls of teleportation {unknown}
 g - a scroll of amnesia {unknown}
 h - 2 scrolls of identify {unknown}
 j - a scroll of vulnerability {unknown}
Potions
 i - 2 potions of magic {unknown}
 l - a potion of invisibility {unknown}


   Skills:
 - Level 1.7 Fighting
 + Level 3.0 Long Blades
 - Level 0.8 Throwing
 - Level 0.7 Armour
 - Level 1.5 Dodging
 - Level 2.1 Spellcasting
 - Level 3.0 Translocations


You had 5 spell levels left.
You didn't know any spells.
Your spell library contained the following spells:

 Spells                   Type           Power      Damage    Failure   Level
 Blink                    Tloc           18%        N/A       14%         2
 Lesser Beckoning         Tloc           18%        N/A       14%         2
 Teleport Other           Tloc           9%         N/A       28%         3
 Vhi's Electric Charge    Tloc/Air       10%        N/A       45%         3
 Manifold Assault         Tloc           9%         N/A       67%         4


Dungeon Overview and Level Annotations

Branches:
Dungeon (2/15)

Altars:


Innate Abilities, Weirdness & Mutations

You have extremely sharp teeth.
When hurt, damage is shared between your health and your magic reserves.
Your bite disrupts and absorbs the magic of your enemies.
Potions cannot restore your health.


Message History

The hobgoblin hits you but does no damage.
You closely miss the hobgoblin. The hobgoblin hits you.
You closely miss the hobgoblin.
You bite the hobgoblin, but do no damage.
The hobgoblin completely misses you.
You closely miss the hobgoblin. Your bite misses the hobgoblin.
The hobgoblin hits you.
You barely miss the hobgoblin. You bite the hobgoblin. You drain its power.
You feel invigorated.
The hobgoblin is severely wounded.
The hobgoblin hits you.
You hit the hobgoblin but do no damage. You bite the hobgoblin.
You kill the hobgoblin!
The goblin barely misses you.
You are too injured to fight recklessly!
You are too injured to fight recklessly!
You are too injured to fight recklessly!
You hit the goblin. Your bite misses the goblin.
The goblin is severely wounded.
The goblin hits you with a +0 club. x2
* * * LOW HITPOINT WARNING * * *
You hit the goblin.
You kill the goblin!
Your Long Blades skill increases to level 3!
You hit the hobgoblin. Your bite misses the hobgoblin.
The hobgoblin is lightly wounded.
The hobgoblin hits you.
* * * LOW HITPOINT WARNING * * *
You barely miss the hobgoblin.
The hobgoblin is lightly wounded.
The hobgoblin closely misses you.
You closely miss the hobgoblin. Your bite misses the hobgoblin.
The hobgoblin is lightly wounded.
The hobgoblin hits you.
* * * LOW HITPOINT WARNING * * *
The hobgoblin closely misses you.
You hit the hobgoblin.
The hobgoblin is almost dead.
The hobgoblin hits you.
You die...

#..............<...
#.................#
#.........#.....#>#
#.>..†....#.....###
#.......[.#.....#
#.........#.....#
#...#.########.....#
### #.# #.^...# #@#
#.....# #g# ..# ..##
... .... .....
##....


You could see a hobgoblin.

Vanquished Creatures
  A dart slug (D:1)
  A ball python (D:2)
  An endoplasm (D:2)
  2 giant cockroaches (D:1)
  2 hobgoblins
  A kobold (D:1)
  4 bats (D:1)
  3 goblins
  3 rats (D:1)
18 creatures vanquished.

Notes
Turn   | Place    | Note
-------+----------+-------------------------------------------
     0 | D:1      | Leeroy the Vine Stalker Warper began the quest for the Orb.
     0 | D:1      | Reached XP level 1. HP: 11/11 MP: 4/4
   313 | D:1      | Reached XP level 2. HP: 15/15 MP: 6/6
   363 | D:1      | Found a faded altar of an unknown god.
   767 | D:2      | Slain by a hobgoblin

Illustrated notes

Levels and vault maps discovered:
D:1:      lightli_molten_gateway, layout_basic,
          ebering_ecumenical_altar_sacrificial
D:2:      layout_basic, serial_shops, nicolae_shop_stone, minmay_unequal

Skill      XL: |  1  2 |
---------------+-------+-----
Long Blades    | 2 3 |  3.0
Fighting       | |  1.7
Throwing       | |  0.8
Armour         | |  0.7
Dodging        | |  1.5
Spellcasting   | |  2.1
Translocations | |  3.0

Action                     || total
---------------------------++-------
  Melee: Falchion          ||    53
         Bite              ||    11
         Punch             ||     1
 Armour: Leather armour    ||    17
  Dodge: Dodged            ||    36

Table legend: (Time is in decaauts)
 A = Elapsed time spent in this place.
 B = Non-inter-level travel time spent in this place.
 C = Inter-level travel time spent in this place.
 D = Time resting spent in this place.
 E = Time spent auto-exploring this place.
 F = Levels seen in this place.
 G = Mean time per level.
                   A        B        C        D        E       F      G
               +--------+--------+--------+--------+--------+-----+--------+
         Total |    776 |    772 |      4 |      0 |    631 |   2 |  388.0 |
       Dungeon |    776 |    772 |      4 |      0 |    631 |   2 |  388.0 |
               +--------+--------+--------+--------+--------+-----+--------+

Top non-repeatable levels by time:
     D:1: 725 daAuts
     D:2: 50 daAuts
